[Event "Titled Tuesday Blitz February 15 Early 2022"]
[White "Jaracz, Pawel"]
[Black "Hansen, Eric"]
[WhiteFideId "1102222"]
[BlackFideId "2606771"]
[WhiteElo "2429"]
[BlackElo "2568"]
[Result "0-1"]
[Round "06"]
[TimeControl "180+1"]
[Date "2022.02.15"]
[WhiteClock "0:00:09"]
[BlackClock "0:00:05"]

1. e4 e5 2. Nf3 Nc6 3. Bc4 Bc5 4. c3 Nf6 5. d3 O-O 6. Nbd2 a6 7. O-O d5 8. exd5 Nxd5 9. Re1 b5 10. Bb3 Bg4 11. Ne4 Bb6 12. Ng3 Kh8 13. h3 Be6 14. Ng5 Qf6 15. N3e4 Qg6 16. Nxe6 fxe6 17. Qg4 Qf7 18. Be3 h6 19. Bxb6 cxb6 20. g3 Qe7 21. Nd2 Rad8 22. Nf3 Qf6 23. Kg2 Rd7 24. Re2 Rdf7 25. Nd2 Qe7 26. Ne4 Rf5 27. h4 b4 28. Rae1 b5 29. Kg1 Qa7 30. Kg2 a5 31. Bc2 bxc3 32. bxc3 b4 33. d4 bxc3 34. Nd6 Nxd4 35. Nxf5 exf5 36. Qg6 Qa8 37. Kh3 Nxe2 38. Rxe2 Ne7 39. Qe6 Qh1# 0-1


[Site "https://www.chess.com"]

[Event "Titled Tuesday Blitz February 15 Early 2022"]
[White "Jumabayev, Rinat"]
[Black "Domingo Nunez, Alejandro"]
[WhiteFideId "13702661"]
[BlackFideId "22245561"]
[WhiteElo "2561"]
[BlackElo "2215"]
[Result "1-0"]
[Round "06"]
[TimeControl "180+1"]
[Date "2022.02.15"]
[WhiteClock "0:00:10"]
[BlackClock "0:00:01"]

1. e4 c6 2. Nf3 d5 3. d3 g6 4. Be2 Bg7 5. O-O Nd7 6. exd5 cxd5 7. d4 Nh6 8. c3 O-O 9. Na3 Nf5 10. Nc2 Qc7 11. Re1 Re8 12. a4 Nb6 13. Bf1 Bd7 14. Nb4 Bc6 15. Nd3 Nd7 16. Bf4 Qd8 17. a5 Nd6 18. Bxd6 exd6 19. Nb4 Qc7 20. a6 Nf6 21. Rxe8+ Nxe8 22. Qb3 Nf6 23. axb7 Bxb7 24. Ba6 Rb8 25. Bxb7 Rxb7 26. Qa4 Bh6 27. g3 Kg7 28. Kg2 Qc4 29. Qa6 Qc7 30. Ne1 Qe7 31. Ned3 Qe4+ 32. Kg1 Rd7 33. Re1 Qf5 34. Qa4 Qh3 35. Qc2 Ng4 36. f3 Nf6 37. Qe2 a5 38. Nf2 Qf5 39. Nbd3 Rd8 40. Qd1 Rb8 41. Kg2 Qd7 42. h4 Nh5 43. Ng4 Rb7 44. Re2 f5 45. Nxh6 Kxh6 46. Qe1 Kg7 47. Re8 Nf6 48. Ra8 Qc7 49. Qe2 Qc4 50. Qd2 Re7 51. Nf4 h6 52. Rxa5 g5 53. hxg5 hxg5 54. Nd3 Kg6 55. Ra1 Rb7 56. Re1 Rh7 57. Re6 Qc8 58. Qe3 f4 59. gxf4 Kf7 60. f5 Qh8 61. Nf2 Rh2+ 62. Kf1 Qf8 63. Qxg5 Rh7 64. Qg6# 1-0


[Site "https://www.chess.com"]

[Event "Titled Tuesday Blitz February 15 Early 2022"]
[White "Kabanov, Nikolai"]
[Black "Johnson, Ben"]
[WhiteFideId "4127820"]
[BlackFideId "2010917"]
[WhiteElo "2304"]
[BlackElo "2212"]
[Result "1-0"]
[Round "06"]
[TimeControl "180+1"]
[Date "2022.02.15"]
[WhiteClock "0:00:27"]
[BlackClock "0:00:02"]

1. e4 c5 2. Nf3 Nc6 3. Bb5 g6 4. O-O Bg7 5. c3 Nf6 6. Re1 O-O 7. h3 a6 8. Bxc6 dxc6 9. d4 cxd4 10. cxd4 Qc7 11. Nbd2 Rd8 12. Qc2 Nh5 13. Nb3 Nf4 14. Be3 h5 15. Rad1 a5 16. Qc1 Nxh3+ 17. gxh3 Bxh3 18. Nh2 Kh7 19. Rd3 Qc8 20. Bf4 a4 21. Nd2 Rxd4 22. Rxd4 Bxd4 23. Qc4 Qh8 24. Qxf7+ Qg7 25. Qxg7+ Kxg7 26. b3 axb3 27. axb3 Bc3 28. Nhf3 Be6 29. Be5+ Bxe5 30. Nxe5 Ra2 31. Ndc4 b5 32. Ne3 Bxb3 33. Nxc6 Be6 34. Nxe7 Ra4 35. f3 b4 36. N7d5 b3 37. Rb1 1-0


[Site "https://www.chess.com"]

[Event "Titled Tuesday Blitz February 15 Early 2022"]
[White "Kalajzic, Ivan"]
[Black "Galyas, Miklos"]
[WhiteFideId "14506378"]
[BlackFideId "707244"]
[WhiteElo "2163"]
[BlackElo "2409"]
[Result "1/2-1/2"]
[Round "06"]
[TimeControl "180+1"]
[Date "2022.02.15"]
[WhiteClock "0:00:44"]
[BlackClock "0:01:41"]

1. b3 Nf6 2. Bb2 g6 3. Bxf6 exf6 4. c4 d5 5. cxd5 Qxd5 6. Nc3 Qa5 7. a3 c6 8. b4 Qd8 9. e3 f5 10. d4 Bg7 11. Bc4 O-O 12. Nf3 a5 13. h4 Nd7 14. h5 Nb6 15. Bb3 axb4 16. axb4 Rxa1 17. Qxa1 Qd6 18. hxg6 hxg6 19. Qa5 Nd7 20. b5 c5 21. Nd5 cxd4 22. exd4 Re8+ 23. Kf1 b6 24. Qb4 Qxb4 25. Nxb4 Nf8 26. Ng5 Ne6 27. Nxe6 Bxe6 28. d5 Bd7 29. Nc6 Bc3 30. g3 Re1+ 31. Kg2 Rxh1 32. Kxh1 Kf8 33. Kg2 g5 34. f4 gxf4 35. gxf4 Bd2 36. Kf3 Ke8 37. Bc4 Bxc6 38. dxc6 f6 39. Be6 Ke7 40. Bxf5 Kd6 41. Ke4 Bc1 42. Bc8 Bd2 43. Kf5 Bc3 44. Ke4 Bd2 1/2-1/2


[Site "https://www.chess.com"]

[Event "Titled Tuesday Blitz February 15 Early 2022"]
[White "Kezin, Roman"]
[Black "Vlassov, Nikolai"]
[WhiteFideId "24124621"]
[BlackFideId "4103360"]
[WhiteElo "2509"]
[BlackElo "2407"]
[Result "1-0"]
[Round "06"]
[TimeControl "180+1"]
[Date "2022.02.15"]
[WhiteClock "0:00:06"]
[BlackClock "0:00:19"]

1. b3 e5 2. Bb2 Nc6 3. e3 d5 4. Bb5 Bd6 5. f4 Qe7 6. Nf3 Bg4 7. h3 Bxf3 8. Qxf3 Nf6 9. Nc3 exf4 10. Nxd5 Nxd5 11. Qxd5 Qh4+ 12. Ke2 O-O 13. Raf1 fxe3 14. dxe3 Rae8 15. Bxc6 bxc6 16. Qxc6 Re6 17. Qd5 Rfe8 18. Rf3 Bf4 19. Bd4 c6 20. Qf5 Re4 21. g3 Qd8 22. Rxf4 Rxf4 23. Qxf4 c5 24. Bc3 f6 25. Rf1 Kh8 26. Rf3 Qd5 27. g4 Rd8 28. Kf2 Qd1 29. Qe4 Qh1 30. Kg3 Qg1+ 31. Kh4 Qg2 32. Qf4 Kg8 33. Rg3 g5+ 34. Kh5 Qxc2 35. Qxf6 Qg6+ 36. Qxg6+ hxg6+ 37. Kxg6 Rd5 38. Kf6 Kf8 39. Be5 Ke8 40. Rf3 Kd7 41. Rf5 c4 42. Rxg5 cxb3 43. axb3 Rd3 44. Rg7+ Kc6 45. Bd4 Rxb3 46. Rxa7 Ra3 47. Rxa3 Kd5 48. Ra5+ 1-0


[Site "https://www.chess.com"]

[Event "Titled Tuesday Blitz February 15 Early 2022"]
[White "Kirillov, Dmitry"]
[Black "Begunov, Konstantin"]
[WhiteFideId "34180572"]
[BlackFideId "4118510"]
[WhiteElo "2076"]
[BlackElo "2262"]
[Result "1-0"]
[Round "06"]
[TimeControl "180+1"]
[Date "2022.02.15"]
[WhiteClock "0:00:25"]
[BlackClock "0:00:27"]

1. d4 d5 2. c4 c6 3. cxd5 cxd5 4. Nc3 Nf6 5. Bf4 Nc6 6. e3 a6 7. Bd3 Bg4 8. Nge2 e6 9. O-O Bd6 10. f3 Bh5 11. Rc1 O-O 12. Bxd6 Qxd6 13. Nf4 Bg6 14. Qe2 e5 15. dxe5 Nxe5 16. Bxg6 Nxg6 17. Nxg6 hxg6 18. Rfd1 Rfe8 19. Qd3 Re5 20. Qd4 Qe6 21. Rd3 Re8 22. Kf2 Qf5 23. Kg1 Qe6 24. Kf2 Qf5 25. Rcd1 Qg5 26. g3 Qh6 27. h4 g5 28. Rh1 1-0


[Site "https://www.chess.com"]

[Event "Titled Tuesday Blitz February 15 Early 2022"]
[White "Kobalia, Mikhail"]
[Black "Tsydypov, Zhamsaran"]
[WhiteFideId "4119150"]
[BlackFideId "4108566"]
[WhiteElo "2667"]
[BlackElo "2614"]
[Result "1-0"]
[Round "06"]
[TimeControl "180+1"]
[Date "2022.02.15"]
[WhiteClock "0:00:44"]
[BlackClock "0:00:07"]

1. e4 c5 2. Nf3 e6 3. d4 cxd4 4. Nxd4 Nc6 5. Nc3 d6 6. g4 Nge7 7. Be3 a6 8. Nb3 b5 9. Qe2 Bb7 10. O-O-O Qc7 11. f4 Rc8 12. Kb1 Na5 13. Nxa5 Qxa5 14. Rxd6 Nd5 15. Rxd5 exd5 16. Nxd5 Qd8 17. Bg2 Bc5 18. Rd1 O-O 19. e5 Bxd5 20. Bxd5 Bxe3 21. Qxe3 Qh4 22. e6 Qxh2 23. exf7+ Kh8 24. Qe4 h6 25. Rh1 Qd2 26. Rxh6+ 1-0


[Site "https://www.chess.com"]

[Event "Titled Tuesday Blitz February 15 Early 2022"]
[White "Komissarov, Alexey"]
[Black "Kostiukov, Alexandr"]
[WhiteFideId "4176545"]
[BlackFideId "14108100"]
[WhiteElo "2216"]
[BlackElo "2202"]
[Result "0-1"]
[Round "06"]
[TimeControl "180+1"]
[Date "2022.02.15"]
[WhiteClock "0:00:11"]
[BlackClock "0:01:22"]

1. e4 c5 2. a3 g6 3. b4 Bg7 4. Nc3 d5 5. exd5 Nf6 6. Bb5+ Bd7 7. Bxd7+ Qxd7 8. bxc5 Nxd5 9. Nge2 Na6 10. O-O Nxc5 11. Rb1 O-O 12. Nxd5 Qxd5 13. Bb2 e5 14. Nc3 Qd7 15. d3 Rac8 16. a4 Nxa4 17. Nxa4 Qxa4 18. c4 Qxd1 19. Rfxd1 Rfd8 20. Bc3 b6 21. Ra1 Rd7 22. Ra6 e4 23. Bxg7 Kxg7 0-1


[Site "https://www.chess.com"]

[Event "Titled Tuesday Blitz February 15 Early 2022"]
[White "Korchmar, Vasiliy"]
[Black "Kuznecovs, Nikita"]
[WhiteFideId "24131750"]
[BlackFideId "11604557"]
[WhiteElo "2370"]
[BlackElo "2127"]
[Result "1-0"]
[Round "06"]
[TimeControl "180+1"]
[Date "2022.02.15"]
[WhiteClock "0:00:31"]
[BlackClock "0:00:04"]

1. d4 Nf6 2. Bf4 e6 3. e3 c5 4. c3 Nc6 5. Nd2 Be7 6. Ngf3 Nh5 7. Bg3 d6 8. Bd3 Bd7 9. e4 cxd4 10. cxd4 Qb6 11. Nc4 Qb4+ 12. Kf1 Nxg3+ 13. hxg3 b5 14. a3 Qa4 15. b3 Qa6 16. Ne3 Qb6 17. d5 Ne5 18. Nxe5 dxe5 19. Qg4 Bf6 20. Qe2 Rc8 21. Ng4 Rc3 22. Nxf6+ gxf6 23. dxe6 fxe6 24. Rh6 a6 25. Rxf6 Rxb3 26. Rd1 h5 27. Qc2 Rxa3 28. Qb2 b4 29. Qxe5 Rxd3 30. Rxd3 Qb5 31. Rxe6+ Bxe6 32. Qxe6+ Kf8 33. Qd6+ Kf7 34. Kg1 Rc8 35. Rd5 Qc6 36. Rf5+ Kg8 37. Rg5+ Kf7 38. Rf5+ Kg8 39. Qe7 Qc7 40. Rg5+ Kh8 41. Rxh5+ Kg8 42. Qe6+ Kf8 43. Rh8+ Kg7 44. Rxc8 1-0


[Site "https://www.chess.com"]

[Event "Titled Tuesday Blitz February 15 Early 2022"]
[White "Kovanova, Baira"]
[Black "FGHSMN"]
[WhiteFideId "4164083"]
[WhiteElo "2190"]
[BlackElo "2703"]
[Result "0-1"]
[Round "06"]
[TimeControl "180+1"]
[Date "2022.02.15"]
[WhiteClock "0:00:02"]
[BlackClock "0:00:49"]

1. e4 c5 2. Nf3 e6 3. d3 Nc6 4. g3 g6 5. Bg2 Bg7 6. O-O Nge7 7. c3 d5 8. Qe2 e5 9. exd5 Qxd5 10. d4 cxd4 11. Nxd4 Nxd4 12. cxd4 Qxd4 13. Rd1 Qg4 14. Bf3 Qe6 15. Qb5+ Nc6 16. Bd5 Qd7 17. Nc3 O-O 18. Bg5 Nd4 19. Qf1 Qg4 20. Be7 Re8 21. h3 Qxh3 22. Bc5 Qxf1+ 23. Rxf1 Be6 24. Bxb7 Rab8 25. Bg2 Rxb2 26. Bxa7 Ra8 27. Bxa8 Rc2 28. Ne4 Bc4 29. Rfc1 Ne2+ 30. Kg2 Nxc1 31. Nd6 Rxa2 32. Rxc1 Rxa7 0-1


[Site "https://www.chess.com"]

[Event "Titled Tuesday Blitz February 15 Early 2022"]
[White "Kretov, Evgenij"]
[Black "Selbes, Tarik"]
[WhiteFideId "4167821"]
[BlackFideId "6302513"]
[WhiteElo "2303"]
[BlackElo "2290"]
[Result "0-1"]
[Round "06"]
[TimeControl "180+1"]
[Date "2022.02.15"]
[WhiteClock "0:00:29"]
[BlackClock "0:00:16"]

1. d4 Nf6 2. c4 g6 3. Nc3 Bg7 4. e4 O-O 5. Be2 d6 6. Bg5 Nbd7 7. Qd2 c5 8. d5 Re8 9. f4 a6 10. a4 Qa5 11. Ra3 e6 12. dxe6 Rxe6 13. Nf3 Qb4 14. f5 Nxe4 15. Nxe4 Rxe4 16. fxg6 hxg6 17. Qxb4 cxb4 18. Rd3 Nc5 19. Rxd6 Be6 20. Nd2 Re5 21. h4 Nxa4 22. b3 Nc5 23. Bf4 Rf5 24. O-O Re8 25. Bg4 Rxf4 26. Rxf4 Be5 27. Rxe6 Nxe6 28. Rf1 Bd4+ 29. Kh2 Nc5 30. Rf3 Re2 31. Nf1 Be5+ 32. Kg1 Bd4+ 33. Kh2 Ne4 34. Rxf7 Rxg2+ 35. Kxg2 Kxf7 36. Bf3 Nc5 37. Nd2 b6 38. Bd5+ Ke7 39. Kf1 Bc3 40. Nf3 Nxb3 41. Be4 Kf6 42. Ke2 Nc5 43. Bb1 a5 44. Nh2 b3 45. Ng4+ Kg7 46. Ne3 a4 47. Nd5 Bd4 48. Nxb6 a3 0-1


[Site "https://www.chess.com"]

[Event "Titled Tuesday Blitz February 15 Early 2022"]
[White "Kucuksari, Kaan"]
[Black "Abdrlauf, Elham"]
[WhiteFideId "6380166"]
[BlackFideId "1533533"]
[WhiteElo "2305"]
[BlackElo "2334"]
[Result "0-1"]
[Round "06"]
[TimeControl "180+1"]
[Date "2022.02.15"]
[WhiteClock "0:00:04"]
[BlackClock "0:00:08"]

1. d4 Nf6 2. c4 e6 3. g3 d5 4. Nf3 dxc4 5. Bg2 a6 6. O-O Nc6 7. e3 Rb8 8. Qe2 b5 9. b3 cxb3 10. axb3 Be7 11. Bb2 O-O 12. Rc1 Rb6 13. Nc3 Bb7 14. e4 Qa8 15. d5 Nb4 16. Nd4 c5 17. Ndxb5 exd5 18. exd5 Bd8 19. Na3 Nbxd5 20. Nc4 Rxb3 21. Nxd5 Bxd5 22. Bxd5 Qxd5 23. Rxa6 Re8 24. Qf1 h5 25. Rd1 Qg5 26. Ra8 Bc7 27. Rxe8+ Nxe8 28. Bc1 Qf5 29. Be3 Nf6 30. Nd2 Rd3 31. Rc1 Bd6 32. Nc4 Be7 33. h3 Qd5 34. Nb6 Qd8 35. Na4 Ne4 36. Nxc5 Nxc5 37. Bxc5 Bxc5 38. Qe2 Rxg3+ 39. Kh2 Rg5 40. Qf3 Qd5 41. Kh1 Qxf3+ 42. Kh2 Qg2# 0-1


[Site "https://www.chess.com"]

[Event "Titled Tuesday Blitz February 15 Early 2022"]
[White "Kuzmin, Roman"]
[Black "Golsta, Madara"]
[WhiteFideId "44134932"]
[BlackFideId "11607386"]
[WhiteElo "1978"]
[BlackElo "1997"]
[Result "1-0"]
[Round "06"]
[TimeControl "180+1"]
[Date "2022.02.15"]
[WhiteClock "0:00:47"]
[BlackClock "0:00:33"]

1. e4 c5 2. Nf3 d6 3. d4 cxd4 4. Nxd4 Nf6 5. Nc3 g6 6. Be3 Bg7 7. f3 Nc6 8. Qd2 O-O 9. O-O-O d5 10. exd5 Nxd5 11. Nxc6 bxc6 12. Bd4 Nxc3 13. Qxc3 Bh6+ 14. Be3 Bxe3+ 15. Qxe3 Qb6 16. Qxb6 axb6 17. a3 Be6 18. Bd3 b5 19. Be4 Rfc8 20. f4 b4 21. axb4 Ra1+ 22. Kd2 Rd8+ 23. Ke2 Rdxd1 24. Rxd1 Ra2 25. Rb1 Ra4 26. c3 c5 27. Bc2 Bc4+ 28. Kd2 Ra7 29. bxc5 Rd7+ 30. Ke3 Rd5 31. b4 Bb5 32. Be4 Rd8 33. Ra1 Kg7 34. Ra5 Bc4 35. c6 Rc8 36. Rc5 Bb3 37. b5 Ba4 38. b6 1-0


[Site "https://www.chess.com"]

[Event "Titled Tuesday Blitz February 15 Early 2022"]
[White "Lakshmi C"]
[Black "Pourkashiyan, Atousa"]
[WhiteFideId "25035347"]
[BlackFideId "12502014"]
[WhiteElo "1775"]
[BlackElo "2247"]
[Result "1-0"]
[Round "06"]
[TimeControl "180+1"]
[Date "2022.02.15"]
[WhiteClock "0:00:05"]
[BlackClock "0:00:17"]

1. e4 c5 2. f4 e6 3. Nf3 d5 4. e5 Nc6 5. d3 h5 6. Be3 Nh6 7. h3 Nf5 8. Bf2 h4 9. Be2 Be7 10. Nbd2 Qb6 11. Qc1 Bd7 12. Nf1 Rc8 13. c3 d4 14. Qd2 Qc7 15. g4 hxg3 16. Nxg3 Bh4 17. Nxf5 Bxf2+ 18. Kxf2 exf5 19. Rag1 g6 20. Ng5 dxc3 21. bxc3 Ne7 22. h4 Bc6 23. Rh3 Nd5 24. h5 f6 25. hxg6 Rxh3 26. Nxh3 fxe5 27. g7 Kf7 28. Ng5+ Kg8 29. Bh5 Be8 30. Bxe8 Rxe8 31. Qd1 Qxg7 32. Qh5 Nxf4 33. Qxe8+ Qf8 34. Ne6+ Kh7 35. Qh5+ Nxh5 36. Nxf8+ Kh8 37. Ng6+ Kh7 38. Nxe5 Nf4 39. Ke3 Nh3 40. Rh1 f4+ 41. Kf3 Kg7 42. Rxh3 Kf6 43. Kxf4 b5 44. Rh6+ Ke7 45. Kf5 Kd8 46. Nc6+ Kc8 47. Ke6 Kb7 48. Kd5 Kb6 49. Nd8+ Ka5 50. Kxc5 a6 51. Nb7+ Ka4 52. Rxa6# 1-0


[Site "https://www.chess.com"]

[Event "Titled Tuesday Blitz February 15 Early 2022"]
[White "Le, Tuan Minh"]
[Black "Nguyen, Ngoc Truong Son"]
[WhiteFideId "12401153"]
[BlackFideId "12401110"]
[WhiteElo "2450"]
[BlackElo "2596"]
[Result "1-0"]
[Round "06"]
[TimeControl "180+1"]
[Date "2022.02.15"]
[WhiteClock "0:00:50"]
[BlackClock "0:00:02"]

1. d4 Nf6 2. Nf3 d6 3. Bg5 Nbd7 4. Nbd2 h6 5. Bh4 g5 6. Bg3 Bg7 7. e4 Nh5 8. c3 e6 9. Bc4 g4 10. Ng1 Nxg3 11. hxg3 Qg5 12. Ne2 Nb6 13. Bb3 Bd7 14. Nf4 h5 15. Qe2 O-O-O 16. Nd3 e5 17. d5 f5 18. a4 Kb8 19. a5 Nc8 20. a6 b6 21. Ba4 b5 22. Bc2 Bh6 23. Nb4 Qxd2+ 24. Qxd2 Bxd2+ 25. Kxd2 f4 26. Bd3 Rdf8 27. Ke2 Rf6 28. Ra5 Rhf8 29. Bxb5 Bxb5+ 30. Rxb5+ Nb6 31. Nd3 fxg3 32. fxg3 Kc8 33. b3 Kd7 34. c4 c6 35. dxc6+ Kxc6 36. Rxh5 Rf1 37. Rh7 Nd7 38. Nb4+ Kc7 39. Rb7+ 1-0


[Site "https://www.chess.com"]

[Event "Titled Tuesday Blitz February 15 Early 2022"]
[White "Lodici, Lorenzo"]
[Black "Dobrov, Vladimir"]
[WhiteFideId "884189"]
[BlackFideId "4136594"]
[WhiteElo "2265"]
[BlackElo "2614"]
[Result "1-0"]
[Round "06"]
[TimeControl "180+1"]
[Date "2022.02.15"]
[WhiteClock "0:00:44"]
[BlackClock "0:00:02"]

1. e4 c5 2. Nc3 Nc6 3. Bb5 Nd4 4. Nf3 g6 5. Bc4 Bg7 6. Nxd4 cxd4 7. Ne2 Nf6 8. d3 d5 9. Bb5+ Bd7 10. Bxd7+ Nxd7 11. exd5 Nb6 12. Nf4 Nxd5 13. Nxd5 Qxd5 14. O-O O-O 15. Re1 e6 16. Bf4 Rac8 17. Re2 Rc6 18. a4 e5 19. Bg3 f5 20. f3 Re8 21. Qe1 Rce6 22. h3 Bh6 23. Bf2 b6 24. Qb4 Bf8 25. Qb5 Bc5 26. Rae1 Kf7 27. a5 R8e7 28. Bh4 Re8 29. axb6 axb6 30. b4 g5 31. Bf2 Rc6 32. bxc5 bxc5 33. Qb7+ Re7 34. Qxe7+ Kxe7 35. Rxe5+ 1-0


[Site "https://www.chess.com"]

[Event "Titled Tuesday Blitz February 15 Early 2022"]
[White "Loy, Konstantin"]
[Black "Riehle, Marco"]
[WhiteFideId "14122499"]
[BlackFideId "12904392"]
[WhiteElo "2084"]
[BlackElo "2462"]
[Result "0-1"]
[Round "06"]
[TimeControl "180+1"]
[Date "2022.02.15"]
[WhiteClock "0:00:04"]
[BlackClock "0:01:22"]

1. e4 e5 2. Nf3 Nf6 3. Nxe5 Nc6 4. Nf3 Nxe4 5. d4 d5 6. Bd3 Bd6 7. O-O O-O 8. c4 Re8 9. Nc3 Nxc3 10. bxc3 dxc4 11. Bxc4 Bg4 12. Rb1 Qf6 13. Be2 b6 14. h3 Bh5 15. Be3 Rad8 16. Bb5 Bf8 17. Re1 h6 18. Be2 Na5 19. Rb5 c5 20. Qc1 Bxf3 21. Bxf3 cxd4 22. Bxd4 Qg6 23. Rxe8 Rxe8 24. Re5 Rxe5 25. Bxe5 Bd6 26. Qf4 Qb1+ 27. Kh2 g5 28. Qf6 Bxe5+ 29. Qxe5 Qxa2 30. Bd5 Qa3 31. Qe8+ Qf8 32. Bxf7+ Kg7 33. Qxf8+ Kxf8 34. Ba2 Ke7 35. Kg3 Kf6 36. f4 Nc6 37. fxg5+ hxg5 38. Kf3 Kf5 39. g3 Ne5+ 40. Ke3 a5 41. h4 g4 42. Kd4 Nf3+ 43. Kc4 Nd2+ 44. Kb5 Ne4 45. Kxb6 Nxg3 46. Kxa5 Ne4 47. Bd5 Kf4 48. h5 g3 49. h6 g2 50. Bxe4 g1=Q 51. h7 Qa7+ 52. Kb4 Qb8+ 53. Kc4 Kxe4 0-1


[Site "https://www.chess.com"]

[Event "Titled Tuesday Blitz February 15 Early 2022"]
[White "Mamedyarov, Shakhriyar"]
[Black "Chigaev, Maksim"]
[WhiteFideId "13401319"]
[BlackFideId "4108116"]
[WhiteElo "2769"]
[BlackElo "2502"]
[Result "0-1"]
[Round "06"]
[TimeControl "180+1"]
[Date "2022.02.15"]
[WhiteClock "0:00:01"]
[BlackClock "0:00:17"]

1. e4 e5 2. Nf3 Nc6 3. Bb5 a6 4. Ba4 Nf6 5. Nc3 Bc5 6. Bxc6 dxc6 7. d3 Ng4 8. O-O Qe7 9. Qe2 Be6 10. h3 h5 11. Ng5 O-O-O 12. Qf3 g6 13. Nd1 f5 14. Nxe6 Qxe6 15. Ne3 f4 16. hxg4 fxe3 17. Bxe3 hxg4 18. Qg3 Be7 19. f3 gxf3 20. Qxf3 Rh7 21. g3 Rdh8 22. Rf2 b6 23. Raf1 Kb7 24. Qg2 Qxa2 25. c4 Qb3 26. Rd2 Qb4 27. Rc1 Bc5 28. Re2 Bxe3+ 29. Rxe3 Rh2 30. Qf3 Qxb2 31. Rce1 Qd4 32. Re2 Rxe2 33. Qxe2 g5 34. Kg2 g4 35. Qd2 Rd8 36. Qf2 a5 37. Qe1 a4 38. c5 Qxc5 39. Qd1 Qxe3 40. Qxa4 Qf3+ 0-1


[Site "https://www.chess.com"]

[Event "Titled Tuesday Blitz February 15 Early 2022"]
[White "Marcinczyk, Monika"]
[Black "Leve, Nitai"]
[WhiteFideId "1192051"]
[BlackFideId "2006898"]
[WhiteElo "1730"]
[BlackElo "2144"]
[Result "0-1"]
[Round "06"]
[TimeControl "180+1"]
[Date "2022.02.15"]
[WhiteClock "0:00:02"]
[BlackClock "0:01:02"]

1. e4 c6 2. d4 d5 3. exd5 cxd5 4. Bd3 Nf6 5. c3 Nc6 6. Bf4 Bg4 7. Qb3 Qb6 8. Qxb6 axb6 9. Nd2 e6 10. Ngf3 Nd7 11. O-O f6 12. Rfe1 Kf7 13. h3 Bh5 14. a4 g5 15. Bg3 Bg6 16. Bb5 h5 17. Re2 Bh6 18. Rae1 Rhe8 19. Nf1 Bf5 20. Ne3 Be4 21. Nd2 Bg6 22. f3 Rad8 23. h4 gxh4 24. Bxh4 Na7 25. c4 Nxb5 26. axb5 Bd3 27. Rf2 Bxe3 28. Rxe3 dxc4 0-1


[Site "https://www.chess.com"]

[Event "Titled Tuesday Blitz February 15 Early 2022"]
[White "Matinian, Nikita"]
[Black "Petesch, Gabriel"]
[WhiteFideId "24129100"]
[BlackFideId "2032465"]
[WhiteElo "2422"]
[BlackElo "2374"]
[Result "1-0"]
[Round "06"]
[TimeControl "180+1"]
[Date "2022.02.15"]
[WhiteClock "0:01:26"]
[BlackClock "0:00:37"]

1. e4 e6 2. d4 d6 3. Nc3 g6 4. h4 h5 5. Nh3 Bg7 6. Bg5 Ne7 7. Qf3 Nbc6 8. Bb5 Bd7 9. Bxc6 bxc6 10. Bf6 Bxf6 11. Qxf6 Rf8 12. Ng5 Ng8 13. Qg7 Qf6 14. Qxf8+ Kxf8 15. Nh7+ Ke7 16. Nxf6 Nxf6 17. e5 Ng4 18. O-O Rb8 19. b3 Nh6 20. Rad1 Nf5 21. g3 Bc8 22. Ne4 Ba6 23. Rfe1 Bc8 24. c4 Kf8 25. Rd2 Ke7 26. Ng5 Kf8 27. Kh2 Bb7 28. f3 Ke7 29. Kh3 Rh8 30. d5 dxe5 31. dxe6 f6 32. Rd7+ Ke8 1-0


[Site "https://www.chess.com"]

[Event "Titled Tuesday Blitz February 15 Early 2022"]
[White "Matlakov, Maxim"]
[Black "Levitskiy, Andrey"]
[WhiteFideId "4168003"]
[BlackFideId "14132885"]
[WhiteElo "2661"]
[BlackElo "2301"]
[Result "1-0"]
[Round "06"]
[TimeControl "180+1"]
[Date "2022.02.15"]
[WhiteClock "0:00:13"]
[BlackClock "0:00:01"]

1. b3 d5 2. Bb2 Bg4 3. f3 Bh5 4. e3 Nd7 5. Nc3 e6 6. Qe2 c6 7. O-O-O Bd6 8. h4 f6 9. g4 Bf7 10. Nh3 a5 11. g5 a4 12. Kb1 axb3 13. axb3 Ba3 14. Bxa3 Rxa3 15. Kb2 Ra7 16. Bg2 Ne7 17. Ra1 Rxa1 18. Rxa1 O-O 19. gxf6 Nxf6 20. Ng5 Nf5 21. Bh3 h6 22. Nxf7 Rxf7 23. e4 Nd4 24. Qe3 dxe4 25. fxe4 e5 26. Qg3 Qd6 27. Qg6 Rf8 28. Rg1 Qe7 29. h5 Ra8 30. Kb1 Nf3 31. Rg3 Nxd2+ 32. Kc1 Rd8 33. Kb2 Nc4+ 34. Kb1 Nd2+ 35. Ka2 Ra8+ 36. Na4 Kh8 37. Be6 b5 38. Bf7 Rg8 39. Bxg8 Kxg8 40. Nc5 Qa7+ 41. Kb2 Nfxe4 42. Nxe4 1-0


[Site "https://www.chess.com"]

[Event "Titled Tuesday Blitz February 15 Early 2022"]
[White "Matveeva, Olga"]
[Black "Liyanage, Ranindu Dilshan"]
[WhiteFideId "24107018"]
[BlackFideId "9915834"]
[WhiteElo "2083"]
[BlackElo "1858"]
[Result "0-1"]
[Round "06"]
[TimeControl "180+1"]
[Date "2022.02.15"]
[WhiteClock "0:00:12"]
[BlackClock "0:01:03"]

1. e4 e6 2. d4 d5 3. Nd2 c5 4. Ngf3 cxd4 5. Nxd4 Nc6 6. Bb5 Bd7 7. Nxc6 bxc6 8. Bd3 e5 9. Qe2 Bd6 10. exd5 cxd5 11. c4 Nf6 12. cxd5 Nxd5 13. Be4 Nf4 14. Qa6 Bc7 15. O-O O-O 16. Nf3 Rb8 17. Bxf4 Bb5 18. Qxa7 Bxf1 19. Bxe5 Bxe5 20. Nxe5 Bb5 21. a4 Qe8 22. Qc5 Bxa4 23. b4 Rb5 24. Qd4 Rxe5 0-1


[Site "https://www.chess.com"]

[Event "Titled Tuesday Blitz February 15 Early 2022"]
[White "Maung, Maung Kyaw Zaw Hein"]
[Black "Xie, Bryan"]
[WhiteFideId "13001698"]
[BlackFideId "30941296"]
[WhiteElo "1785"]
[BlackElo "1899"]
[Result "1-0"]
[Round "06"]
[TimeControl "180+1"]
[Date "2022.02.15"]
[WhiteClock "0:00:04"]
[BlackClock "0:00:03"]

1. Nf3 c5 2. c4 Nc6 3. d4 cxd4 4. Nxd4 g6 5. e4 Bg7 6. Be3 Nf6 7. Nc3 O-O 8. Be2 d6 9. O-O Nxd4 10. Bxd4 Be6 11. Qd2 Qa5 12. Be3 Rfc8 13. b3 a6 14. f3 b5 15. cxb5 Qxc3 16. bxa6 Qxd2 17. Bxd2 Nd7 18. Rac1 Bd4+ 19. Kh1 Nc5 20. b4 Nxa6 21. a4 Rxc1 22. Rxc1 Bd7 23. b5 Nc5 24. a5 Nb3 25. Rc7 Nxd2 26. Rxd7 Rxa5 27. h4 Be5 28. g4 Nb3 29. b6 Nc5 30. Rc7 Ra1+ 31. Kg2 Rb1 32. Rc6 Na4 33. h5 Rxb6 34. Rc7 Rb2 35. h6 f5 36. Kf1 fxe4 37. Bc4+ e6 38. Bxe6+ Kf8 39. Rxh7 exf3 40. Rf7+ Ke8 41. Rxf3 Rh2 42. g5 Rh5 43. Bf7+ Ke7 44. Bxg6 Rxg5 45. Bc2 Nc5 46. h7 Rh5 47. Ke1 Ne6 48. Ra3 Nd4 49. Ra7+ Ke6 50. Be4 d5 51. Ra6+ Bd6 52. Bd3 Ke5 53. Ra8 Kf4 54. h8=Q Rxh8 55. Rxh8 Ke3 56. Ba6 Nf3+ 57. Kd1 d4 58. Re8+ Be5 59. Bb7 d3 60. Bxf3 Kd4 61. Rd8+ Ke3 62. Re8 Kd4 63. Bg2 Bf4 64. Bf1 d2 65. Be2 Bg5 66. Rg8 Bf4 67. Rg4 Ke3 68. Rg8 Bd6 69. Re8+ Kf2 70. Kxd2 Bf4+ 71. Kd3 Kg3 72. Rf8 Bg5 73. Ke4 Bd2 74. Rf3+ Kh4 75. Rf1 Kg3 76. Rg1+ Kf2 77. Rh1 Kxe2 78. Rh2+ Ke1 79. Rh1+ Kf2 80. Rh2+ Ke1 81. Kf3 Kd1 82. Ke4 Kc2 83. Kd4 Kc1 84. Kd3 Bf4 85. Rf2 Bd6 86. Kc3 Be5+ 87. Kb3 Kd1 88. Rf5 Bg7 89. Kc4 Ke2 90. Kd5 Ke3 91. Rg5 Bf6 92. Rg6 Bc3 93. Rg3+ Kd2 94. Kc4 Be5 95. Rg4 Ke3 96. Rg5 Kf4 97. Rg8 Kf5 98. Kd5 Bf6 99. Rf8 Kg6 100. Ke4 Kg7 101. Re8 Kf7 102. Ra8 Ke6 103. Ra6+ Ke7 104. Kf5 Bc3 105. Rh6 Kf7 106. Rh7+ Bg7 107. Kg5 Kg8 108. Kg6 Bf8 109. Rd7 Bc5 110. Rd8+ Bf8 111. Rc8 Kh8 112. Rxf8# 1-0


[Site "https://www.chess.com"]